 Dungeon Crawl Stone Soup version 0.26.1-11-gd32895ea62 (webtiles) character file.

Game seed: 10484650706797989804

128 phalm the Grasshopper (level 5, -5/43 HPs)
             Began as a Gnoll Warper on May 9, 2021.
             Killed by nerve-wracking pain
             ... invoked by Grinder
              (12 damage)
             ... on level 2 of the Dungeon.
             The game lasted 00:04:35 (1669 turns).

phalm the Grasshopper (Gnoll Warper)                Turns: 1669, Time: 00:04:35

Health: -5/43      AC:  4    Str: 15    XL:     5   Next: 12%
Magic:  10/12      EV: 15    Int: 15    God:
Gold:   102        SH:  0    Dex: 20    Spells: 12/14 levels left

rFire    . . .     SeeInvis .   a - +0 falchion
rCold    . . .     Faith    .   (no shield)
rNeg     . . .     Spirit   .   p - +0 leather armour
rPois    .         Reflect  .   (no helmet)
rElec    .         Harm     .   q - +0 cloak
rCorr    .         Rampage  .   (no gloves)
Will     .....                  (no boots)
Stlth    ++........             g - amulet of regeneration
HPRegen  0.54/turn              Y - +4 ring of slaying
MPRegen  0.13/turn              D - +6 ring of dexterity

@: no status effects
A: distributed training, fangs 1, strong nose
a: no special abilities


You were on level 2 of the Dungeon.
You visited 1 branch of the dungeon, and saw 3 of its levels.

You collected 102 gold pieces.


Innate Abilities, Weirdness & Mutations

Your experience applies equally to all skills.
You have very sharp teeth.
Your uncanny sense of smell can sniff out nearby items.


   Skills:
 + Level 4.7 Fighting
 + Level 1.3 Short Blades
 + Level 4.7 Long Blades
 + Level 1.3 Axes
 + Level 1.3 Maces & Flails
 + Level 1.3 Polearms
 + Level 1.3 Staves
 + Level 1.3 Slings
 + Level 1.3 Bows
 + Level 1.3 Crossbows
 + Level 2.9 Throwing
 + Level 2.9 Armour
 + Level 4.7 Dodging
 + Level 1.3 Stealth
 + Level 1.3 Shields
 + Level 1.3 Unarmed Combat
 + Level 5.1 Spellcasting
 + Level 1.1 Conjurations
 + Level 1.1 Hexes
 + Level 1.1 Summonings
 + Level 1.1 Necromancy
 + Level 5.5 Translocations
 + Level 1.1 Transmutations
 + Level 1.1 Fire Magic
 + Level 1.1 Ice Magic
 + Level 1.1 Air Magic
 + Level 1.1 Earth Magic
 + Level 1.1 Poison Magic
 + Level 1.5 Invocations
 + Level 1.3 Evocations


You had 12 spell levels left.
You knew the following spells:

 Your Spells              Type           Power        Failure   Level
B - Blink                 Tloc           N/A          3%          2

Your spell library contained the following spells:

 Spells                   Type           Power        Failure   Level
 Gell's Gravitas          Tloc           10%          6%          3
 Lesser Beckoning         Tloc           10%          6%          3
 Teleport Other           Tloc           20%          6%          3
 Passage of Golubria      Tloc           N/A          21%         4
 Confusing Touch          Hex            7%           36%         3
 Petrify                  Tmut/Erth      7%           77%         4
 Metabolic Englaciation   Hex/Ice        3%           98%         5
 Yara's Violent Unravell  Hex/Tmut       3%           98%         5

Inventory:

Hand Weapons
 a - a +0 falchion (weapon)
 b - a +0 hunting sling
   (You took it off a goblin on level 2 of the Dungeon)
Missiles
 e - 5 boomerangs of dispersal (quivered) {=f!f}
 f - 3 boomerangs
 i - 118 stones
 k - 22 sling bullets
 n - 33 arrows
Armour
 p - a +0 leather armour (worn)
 q - a +0 cloak (worn)
   (You found it on level 2 of the Dungeon)
Jewellery
 g - an amulet of regeneration (around neck)
   (You found it on level 1 of the Dungeon)
 D - a +6 ring of dexterity (right hand)
   (You found it on level 2 of the Dungeon)
 F - an uncursed ring of fire
   (You found it on level 2 of the Dungeon)
 Y - a +4 ring of slaying (left hand)
   (You found it on level 1 of the Dungeon)
Scrolls
 c - 3 scrolls of identify {unknown}
 d - a scroll of blinking {!r}
 h - a scroll of magic mapping {unknown}
 j - 2 scrolls of remove curse {unknown}
 l - 6 scrolls of teleportation {@r4}
Potions
 m - a potion of might {unknown}
 o - a potion of flight {unknown}
 r - 2 potions of attraction {unknown}

Dungeon Overview and Level Annotations

Branches:
Dungeon (3/15)

Altars:

Annotations:
D:2 Grinder

#..####.##...#...# #.#.##########
....P...PP.####..# #.#.## #
..#P.....#.## #..###....##### #
..P......'..###))...........#####
..#......'...##..###....###......
#........#....<...##..........###
#.#......#........####.........).
...P#P####..####..# ########.###
#..........## #@.# #.#
##..###.#### #..# #.# #.## ###
#..# #.# #.# #..# #########.# #.#
#..###.[.......### #.#
#5.##.#.########.. #.#
##..#.###.## #.# #.# #....## ##.#
#.# #.# #)#.#.###..# #.#


You could see Grinder.


Message History

Grinder says, "I used to sell toenails on the black market."
There is a stone staircase leading up here.
The jackal barks!
You hear a bark!
The orc priest looks satisfied for a moment.
You climb upwards.
There is a stone staircase leading down here.
You hit the orc priest.
The orc priest hits you but does no damage.
You hit the orc priest. You bite the orc priest. The orc priest hits you.
The orc priest calls down the wrath of Beogh upon you.
Beogh smites you! 😮 HP[-15]
You take 15 damage, and now have 23/38 hp.
MASSIVE DAMAGE!! (PAUSE)
You slash the orc priest!
You kill the orc priest!
You have reached level 5! 😮 HP[+4] MP[+1]
You now have 43 max hp (+5).
You regained 4 hp, and now have 27/43 hp.
Your mp is fully restored (12).
Done exploring. 😎 HP[+16]
Your hp is fully restored (43).
You climb downwards.
Level annotation: Grinder A jackal comes into view.
The orc closely misses you.
Grinder blinks!
There is a stone staircase leading up here.
The orc hits you with a +0 falchion.
You climb upwards.
There is a stone staircase leading down here. 😕 HP[-1]
You take 1 damage, and now have 42/43 hp.
You barely miss the orc. The orc barely misses you.
You riposte.
You hit the orc. You barely miss the orc. The orc closely misses you. 😎 HP[+1]
Your hp is fully restored (43).
You closely miss the orc. The orc completely misses you.
You barely miss the orc. You bite the orc.
You kill the orc!
Things that are here:
a +0 falchion; an orc corpse
There is a stone staircase leading down here.
You climb downwards.
Level annotation: Grinder The jackal barely misses you.
You riposte.
You slash the jackal!
You kill the jackal!
The orc misses you.
You riposte.
You closely miss the orc.
There is a stone staircase leading up here.
You hit the orc. The orc hits you but does no damage.
You hit the orc.
You kill the orc!
The quokka closely misses you.
You miss the quokka. The quokka closely misses you.
You riposte.
You hit the quokka. You closely miss the quokka. You bite the quokka.
You kill the quokka!
You hit the jackal. The jackal closely misses you.
You riposte.
You slash the jackal!
You kill the jackal!
The orc throws a boomerang.
The boomerang barely misses you. Grinder hits you!
You writhe in agony.
You climb upwards.
There is a stone staircase leading down here. 😮 HP[-13]
You take 13 damage, and now have 30/43 hp.
MASSIVE DAMAGE!! (PAUSE)
You are too injured to fight recklessly!
You are too injured to fight recklessly!
You are too injured to fight recklessly!
You hit Grinder. Grinder hits you.
You writhe in agony.
* * * LOW HITPOINT WARNING * * *
😨 HP[-9]
You take 9 damage, and now have 21/43 hp.
MASSIVE DAMAGE!! (PAUSE)
You closely miss Grinder. Grinder hits you.
* * * LOW HITPOINT WARNING * * *
You writhe in agony.
* * * LOW HITPOINT WARNING * * *
😨 HP[-8]
You take 8 damage, and now have 13/43 hp.
Unknown command.
You hit Grinder. Grinder hits you.
* * * LOW HITPOINT WARNING * * *
You writhe in agony.
* * * LOW HITPOINT WARNING * * *
😱 HP[-8]
You take 8 damage, and now have 5/43 hp.
Unknown command.
Casting: Blink (safe; 3% risk of failure)
Confirm with . or Enter, or press ? or * to list all spells.
You blink. 😱 HP[+1] MP[-2]
You lost 2 mp, and now have 10/12 mp. 😱 HP[+1] Grinder gestures at you.
Pain shoots through your body!
You die...

Skill      XL: |  1  2  3  4 |
---------------+-------------+-----
Spellcasting   | 5 |  5.1
Invocations    | 1 |  1.5
Short Blades   | 1 |  1.3
Axes           | 1 |  1.3
Maces & Flails | 1 |  1.3
Polearms       | 1 |  1.3
Staves         | 1 |  1.3
Slings         | 1 |  1.3
Bows           | 1 |  1.3
Crossbows      | 1 |  1.3
Stealth        | 1 |  1.3
Shields        | 1 |  1.3
Unarmed Combat | 1 |  1.3
Evocations     | 1 |  1.3
Conjurations   | 1 |  1.1
Hexes          | 1 |  1.1
Summonings     | 1 |  1.1
Necromancy     | 1 |  1.1
Transmutations | 1 |  1.1
Fire Magic     | 1 |  1.1
Ice Magic      | 1 |  1.1
Air Magic      | 1 |  1.1
Earth Magic    | 1 |  1.1
Poison Magic   | 1 |  1.1
Fighting       | |  4.7
Long Blades    | |  4.7
Throwing       | |  2.9
Armour         | |  2.9
Dodging        | |  4.7
Translocations | |  5.5

Action                   |  1- 3 |  4- 6 || total
-------------------------+-------+-------++-------
Melee: Falchion          |    63 |    46 ||   109
       Bite              |    10 |     7 ||    17
 Fire: Hunting sling     |       |     4 ||     4
 Cast: Blink             |       |     1 ||     1
  Use: Scroll            |     1 |       ||     1
 Stab: Distracted        |     1 |     1 ||     2
       Sleeping          |       |     5 ||     5
Armor: Leather armour    |     8 |     9 ||    17
Dodge: Dodged            |    40 |    26 ||    66
       Rpst.: Falchion   |    22 |     9 ||    31

Levels and vault maps discovered:
D:1:      minmay_arrival_solitary_statue, layout_loops_ring
D:2:      cheibrodos_old_hovel, layout_loops_ring,
          chequers_ecumenical_altar_twisty
D:3:      layout_loops_ring, uniq_grinder

Notes
Turn   | Place    | Note
-------+----------+-------------------------------------------
     0 | D:1      | phalm the Gnoll Warper began the quest for the Orb.
     0 | D:1      | Reached XP level 1. HP: 20/20 MP: 6/6
     0 | D:1      | magus.rc [v1.9.10]
   175 | D:1      | Reached XP level 2. HP: 25/26 MP: 7/7
   181 | D:1      | Learned a level 2 spell: Blink
   572 | D:1      | Reached XP level 3. HP: 31/31 MP: 9/9
   625 | D:1      | Reached skill level 5 in Spellcasting
   847 | D:2      | Reached skill level 1 in Invocations
   945 | D:2      | Reached skill level 1 in Short Blades
   945 | D:2      | Reached skill level 1 in Axes
   945 | D:2      | Reached skill level 1 in Maces & Flails
   945 | D:2      | Reached skill level 1 in Polearms
   945 | D:2      | Reached skill level 1 in Staves
   945 | D:2      | Reached skill level 1 in Slings
   945 | D:2      | Reached skill level 1 in Bows
   945 | D:2      | Reached skill level 1 in Crossbows
   945 | D:2      | Reached skill level 1 in Stealth
   945 | D:2      | Reached skill level 1 in Shields
   945 | D:2      | Reached skill level 1 in Unarmed Combat
   945 | D:2      | Reached skill level 1 in Evocations
  1085 | D:2      | Reached XP level 4. HP: 38/38 MP: 11/11
  1274 | D:2      | Found a faded altar of an unknown god.
  1463 | D:2      | You pick up a book of Misfortune and begin reading...
  1463 | D:2      | You add the spells Confusing Touch, Petrify, Metabolic
                  | Englaciation and Yara's Violent Unravelling to your
                  | library.
  1584 | D:3      | Reached skill level 1 in Conjurations
  1584 | D:3      | Reached skill level 1 in Hexes
  1584 | D:3      | Reached skill level 1 in Summonings
  1584 | D:3      | Reached skill level 1 in Necromancy
  1584 | D:3      | Reached skill level 1 in Transmutations
  1584 | D:3      | Reached skill level 1 in Fire Magic
  1584 | D:3      | Reached skill level 1 in Ice Magic
  1584 | D:3      | Reached skill level 1 in Air Magic
  1584 | D:3      | Reached skill level 1 in Earth Magic
  1584 | D:3      | Reached skill level 1 in Poison Magic
  1585 | D:3      | Noticed Grinder
  1615 | D:2      | Reached XP level 5. HP: 27/43 MP: 12/12
  1665 | D:2      | HP: 10/43 [Grinder (3)]
  1669 | D:2      | Killed from afar by Grinder

Vanquished Creatures
  An orc priest (D:2)
  2 adders (D:2)
  2 dart slugs (D:1)
  7 leopard geckos
  5 orcs
  3 giant cockroaches (D:1)
  8 goblins
  7 hobgoblins
  2 jackals (D:3)
  7 kobolds
  A quokka (D:3)
  3 bats (D:2)
  6 frilled lizards
  8 rats
62 creatures vanquished.

Table legend:
 A = Non-vault XP
 B = Vault XP
 C = Vault XP percentage of total XP
 D = Non-vault monster count
 E = Vault monster count
 F = Vault count percentage of total count
                 A         B        C        D         E       F
            +---------+---------+-------+---------+---------+-------
      Total |     183 |       1 |   0.5 |      61 |       1 |   1.6
            +---------+---------+-------+---------+---------+-------
        D:1 |      48 |       0 |   0.0 |      23 |       0 |   0.0
        D:2 |     120 |       1 |   0.8 |      32 |       1 |   3.0
        D:3 |      15 |       0 |   0.0 |       6 |       0 |   0.0
            +---------+---------+-------+---------+---------+-------

Illustrated notes

Table legend:
 A = Kills in this place as a percentage of kills in entire the game.
 B = Kills by you in this place as a percentage of kills by you in the entire game.
 C = Kills by friends in this place as a percentage of kills by friends in the entire game.
 D = Other kills in this place as a percentage of other kills in the entire game.
 E = Experience gained in this place as a percentage of experience gained in the entire game.
 F = Experience gained in this place divided by the number of levels of this place that you have seen.
                   A       B       C       D       E      F
               +-------+-------+-------+-------+-------+----------------------
         Total | 100.0 | 100.0 |   N/A |   N/A | 100.0 |  61.3
       Dungeon | 100.0 | 100.0 |   N/A |   N/A | 100.0 |  61.3
               +-------+-------+-------+-------+-------+----------------------

Table legend: (Time is in decaauts)
 A = Elapsed time spent in this place.
 B = Non-inter-level travel time spent in this place.
 C = Inter-level travel time spent in this place.
 D = Time resting spent in this place.
 E = Time spent auto-exploring this place.
 F = Levels seen in this place.
 G = Mean time per level.
                   A        B        C        D        E       F      G
               +--------+--------+--------+--------+--------+-----+--------+
         Total |   1675 |   1592 |     83 |      0 |   1256 |   3 |  558.3 |
       Dungeon |   1675 |   1592 |     83 |      0 |   1256 |   3 |  558.3 |
               +--------+--------+--------+--------+--------+-----+--------+

Top non-repeatable levels by time:
     D:1: 828 daAuts
     D:2: 804 daAuts
     D:3: 42 daAuts
